AoeStats
← Mr. Penis

MegaRandom

507071548Analyzed
4v4 RM · 15d ago on Sep 16, 2026· 48m 5s· 8 players
Game mode
Random Map
Map size
Large (8 player)
Population
200
Speed
Normal
Resources
Standard
Victory
Conquest
Starting age
Dark Age
Ending age
Imperial Age
RankedLock teamsTeams togetherTeam positionsShared explorationLock speedFull tech treeHidden civsTurbo modeCheats
Victory
Defeat
🇮🇳 Ethiopians · India
1322
+16
🇷🇺 Jurchens · Russia
1319
+16
🇺🇸 Britons · United States
1316
+16
🇦🇷 Mongols · Argentina
1310
+16
🇹🇼 Khmer · Taiwan
1338
-17
🇬🇧 Byzantines · United Kingdom
1332
-17
🇦🇷 Maya · Argentina
1312
-16
🇹🇼 Vietnamese · Taiwan
1270
-14
Genghis huns
6:59 Loom
9:15 Feudal Age
9:59 Double-Bit Axe
10:04 Man-at-Arms
14:50 Fletching
17:03 Padded Archer Armor
20:26 Wheelbarrow
25:10 Castle Age
25:48 Bodkin Arrow
25:14 Crossbowman
26:21 Town Watch
30:19 Ballistics
33:02 Leather Archer Armor
42:17 Imperial Age
41:08 Caravan
41:38 Thumb Ring
42:59 Bracer
42:22 Arbalester
44:06 Chemistry
43:24 Long Swordsman
44:48 Halberdier
45:48 Scale Mail Armor
47:01 Chain Mail Armor
Skirm2OP
6:26 Loom
8:51 Feudal Age
9:49 Double-Bit Axe
14:15 Fletching
19:38 Castle Age
18:47 Padded Archer Armor
18:50 Gold Mining
20:16 Bodkin Arrow
20:58 Crossbowman
28:12 Ballistics
28:14 Bow Saw
34:49 Imperial Age
33:48 Leather Archer Armor
35:01 Caravan
35:33 Bracer
36:38 Chemistry
38:17 Arbalester
45:38 Conscription
45:49 Yeomen
48:27 Ring Archer Armor
Te_Detono_FaciL
7:31 Loom
9:27 Feudal Age
10:21 Double-Bit Axe
10:17 Horse Collar
17:49 Forging
22:11 Castle Age
21:01 Gold Mining
21:04 Stone Mining
23:16 Fletching
24:33 Bodkin Arrow
28:50 Scale Barding Armor
30:26 Husbandry
38:00 Wheelbarrow
41:43 Imperial Age
38:53 Light Cavalry
39:38 Gold Mining
40:15 Bloodlines
41:16 Chain Barding Armor
41:31 Iron Casting
41:56 Hussar
46:13 Blast Furnace
45:52 Caravan
Mr. Penis
10:09 Feudal Age
13:47 Bloodlines
16:32 Loom
19:10 Castle Age
17:07 Double-Bit Axe
17:46 Horse Collar
17:58 Gold Mining
19:47 Wheelbarrow
20:11 Bow Saw
27:14 Heavy Plow
27:52 Hand Cart
27:22 Town Watch
27:29 Stone Mining
28:20 Husbandry
28:30 Scale Barding Armor
32:51 Town Patrol
34:13 Gold Shaft Mining
34:13 Stone Shaft Mining
37:21 Caravan
39:26 Chain Barding Armor
39:16 Forging
38:31 Light Cavalry
39:18 Fortified Bastions
44:01 Imperial Age
46:03 Two-Man Saw
47:04 Guilds
46:16 Hussar
Oliver
1:13 Loom
10:04 Feudal Age
12:02 Double-Bit Axe
14:23 Scale Barding Armor
21:57 Castle Age
21:25 Fletching
22:08 Stone Mining
27:24 Horse Collar
29:47 Bodkin Arrow
33:16 Bow Saw
38:52 Imperial Age
37:45 Wheelbarrow
38:57 Forging
39:10 Heavy Plow
39:37 Husbandry
38:58 Light Cavalry
40:06 Hand Cart
41:43 Iron Casting
41:43 Conscription
42:13 Hussar
43:36 Chain Barding Armor
45:28 Two-Man Saw
J43SMALL
6:57 Loom
9:30 Feudal Age
13:13 Scale Barding Armor
13:29 Double-Bit Axe
13:27 Horse Collar
16:52 Wheelbarrow
19:37 Bloodlines
23:09 Wheelbarrow
27:53 Castle Age
28:15 Forging
37:33 Hand Cart
37:42 Bow Saw
37:34 Heavy Plow
37:26 Gold Mining
37:28 Stone Mining
38:34 Fletching
38:46 Padded Archer Armor
39:39 Gold Shaft Mining
41:40 Stone Shaft Mining
41:01 Bodkin Arrow
41:23 Leather Archer Armor
42:52 Chain Barding Armor
46:29 Husbandry
45:51 Light Cavalry
Thổ Dân Da Đỏ
0:32 Loom
9:51 Feudal Age
11:19 Double-Bit Axe
15:57 Fletching
23:50 Castle Age
22:18 Padded Archer Armor
24:37 Bodkin Arrow
25:24 Bow Saw
24:58 Horse Collar
24:52 Elite Skirmisher
26:26 Crossbowman
30:40 Wheelbarrow
29:53 Town Watch
34:05 Ballistics
34:51 Thumb Ring
39:09 Gold Mining
42:35 Imperial Age
41:31 Leather Archer Armor
41:55 Pikeman
42:35 Squires
43:14 Forging
43:04 Scale Mail Armor
43:39 Arbalester
46:05 Chemistry
46:09 Bracer
46:40 Ring Archer Armor
jay155047
11:54 Feudal Age
12:07 Loom
17:59 Double-Bit Axe
21:48 Castle Age
20:38 Fletching
21:08 Horse Collar
25:41 Padded Archer Armor
31:40 Bodkin Arrow
33:42 Leather Archer Armor
37:51 Ballistics
40:41 Elite Skirmisher
Connection lost

Rejoining the realm…

Still unreachable

The connection could not be restored.

Session expired

The server has moved on; the page needs a fresh start.